TOP OF THE 1ST |
Blueville 83's batting - Pitching for Chattanooga Chinpokomon : LHP Glenn Fox
|
Pitching: LHP Glenn Fox
|
|
Batting: SHB Joe Emery
|
0-0: Ball 1-0: Ball 2-0: Ball 3-0: Called Strike 3-1: Called Strike 3-2: Base on Balls
|
Batting: LHB Ron Robinson
|
0-0: Ball 1-0: Grounds into double play, 6-4-3 (Groundball, 6)
|
Batting: RHB Eric Johnson
|
0-0: Called Strike 0-1: Foul Ball, location: 2F 0-2: DOUBLE (Line Drive, 9LM)
|
Batting: RHB Fernando Díaz
|
0-0: Foul Ball, location: 2F 0-1: Ball 1-1: Swinging Strike 1-2: Ball 2-2: Ball 3-2: Ground out 6-3 (Groundball, 56)
|
Top of the 1st over - 0 runs, 1 hit, 0 errors, 1 left on base; Blueville 0 - Chattanooga 0 |
BOTTOM OF THE 1ST |
Chattanooga Chinpokomon batting - Pitching for Blueville 83's : RHP Clint Tancock
|
Pitching: RHP Clint Tancock
|
|
Batting: LHB Elvin Summers
|
0-0: Ball 1-0: Foul Ball, location: 2F 1-1: Called Strike 1-2: Ground out U3 (Groundball, 3)
|
Batting: RHB Carlos López
|
0-0: Called Strike 0-1: Ball 1-1: Called Strike 1-2: Ball 2-2: Foul Ball, location: 2F 2-2: Foul Ball, location: 2F 2-2: Foul Ball, location: 2F 2-2: Ground out 6-3 (Groundball, 6)
|
Batting: RHB Tom Hicks
|
0-0: Foul Ball, location: 2F 0-1: Called Strike 0-2: Ball 1-2: Ball 2-2: Ball 3-2: Fly out, F8 (Flyball, 89D)
|
Bottom of the 1st over - 0 runs, 0 hits, 0 errors, 0 left on base; Blueville 0 - Chattanooga 0 |
TOP OF THE 2ND |
Blueville 83's batting - Pitching for Chattanooga Chinpokomon : LHP Glenn Fox
|
Batting: RHB Matt Perkins
|
0-0: SINGLE (Groundball, 25) (infield hit)
|
Batting: RHB Daryl Floyd
|
0-0: Ball 1-0: Foul Ball, location: 2F 1-1: Fly out, F9 (Flyball, 9LS)
|
Batting: RHB Ángel Garza
|
0-0: Ball Matt Perkins steals 2nd base 1-0: Foul Ball, location: 2F 1-1: Swinging Strike 1-2: SINGLE (Line Drive, 8LS) Matt Perkins to third
|
Batting: RHB Kuniaki Kawashima
|
0-0: Ball 1-0: Ball 2-0: Ball 3-0: Foul Ball, location: 2F 3-1: Foul Ball, location: 2F 3-2: Base on Balls Ángel Garza to second
|
Batting: LHB Pepe González
|
0-0: Ball 1-0: Grounds into fielders choice 1-2 (Groundball, 15S) Ángel Garza to third Kuniaki Kawashima to second
|
Batting: SHB Joe Emery
|
0-0: Ball 1-0: Fly out, F9 (Flyball, 9S)
|
Top of the 2nd over - 0 runs, 2 hits, 0 errors, 3 left on base; Blueville 0 - Chattanooga 0 |
BOTTOM OF THE 2ND |
Chattanooga Chinpokomon batting - Pitching for Blueville 83's : RHP Clint Tancock
|
Batting: LHB José Costa
|
0-0: Ball 1-0: Foul Ball, location: 2F 1-1: Foul Ball, location: 2F 1-2: SOLO HOME RUN (Flyball, 89XD), Distance : 396 ft
|
Batting: RHB Chris Burrell
|
0-0: Ball 1-0: Foul Ball, location: 2F 1-1: SINGLE (Groundball, 4D)
|
Batting: RHB Patrick Potts
|
0-0: Ball 1-0: Swinging Strike 1-1: Ball 2-1: Ground out 5-3 (Groundball, 56S) Chris Burrell to second
|
Batting: RHB Ricardo Salazar
|
0-0: Ground out 1-4-3 (Groundball, 15S) Chris Burrell to third
|
Batting: RHB Gustavo Medine
|
0-0: Foul Ball, location: 2F 0-1: 2-RUN HOME RUN (Flyball, 78XD), Distance : 402 ft
|
Batting: RHB Roberto Martínez
|
0-0: Called Strike 0-1: Foul Ball, location: 2F 0-2: Foul Ball, location: 2F 0-2: Ball 1-2: Ground out 5-3 (Groundball, 56S)
|
Bottom of the 2nd over - 3 runs, 3 hits, 0 errors, 0 left on base; Blueville 0 - Chattanooga 3 |
TOP OF THE 3RD |
Blueville 83's batting - Pitching for Chattanooga Chinpokomon : LHP Glenn Fox
|
Batting: LHB Ron Robinson
|
0-0: Ball 1-0: Called Strike 1-1: Fly out, F7 (Flyball, 7S)
|
Batting: RHB Eric Johnson
|
0-0: Called Strike 0-1: Called Strike 0-2: Ball 1-2: Strikes out looking
|
Batting: RHB Fernando Díaz
|
0-0: Called Strike 0-1: Ball 1-1: Foul Ball, location: 2F 1-2: Fly out, F7 (Flyball, 7LD)
|
Top of the 3rd over - 0 runs, 0 hits, 0 errors, 0 left on base; Blueville 0 - Chattanooga 3 |
BOTTOM OF THE 3RD |
Chattanooga Chinpokomon batting - Pitching for Blueville 83's : RHP Clint Tancock
|
Batting: LHB Elvin Summers
|
0-0: Ball 1-0: Ball 2-0: Fly out, F5 (Popup, 5)
|
Batting: RHB Carlos López
|
0-0: Called Strike 0-1: SINGLE (Line Drive, 78S)
|
Batting: RHB Tom Hicks
|
0-0: Ball 1-0: SINGLE (Line Drive, 89M) Carlos López to second
|
Batting: LHB José Costa
|
0-0: Called Strike 0-1: Fly out, F7 (Flyball, 7LMF)
|
Now in LF: José Estrada
|
|
Batting: RHB Chris Burrell
|
0-0: Ball 1-0: Ball 2-0: Called Strike 2-1: Called Strike 2-2: Ball 3-2: Foul Ball, location: 2F 3-2: Base on Balls Carlos López to third Tom Hicks to second
|
Batting: RHB Patrick Potts
|
0-0: Fielders Choice at 2nd, 6-4 (Groundball, 6)
|
Bottom of the 3rd over - 0 runs, 2 hits, 0 errors, 3 left on base; Blueville 0 - Chattanooga 3 |
TOP OF THE 4TH |
Blueville 83's batting - Pitching for Chattanooga Chinpokomon : LHP Glenn Fox
|
Batting: RHB Matt Perkins
|
0-0: Ball 1-0: Called Strike 1-1: Ball 2-1: Called Strike 2-2: Foul Ball, location: 2F 2-2: Ball 3-2: Foul Ball, location: 2F 3-2: Ground out 5-3 (Groundball, 56)
|
Batting: RHB Daryl Floyd
|
0-0: Ball 1-0: Ball 2-0: Ball 3-0: Foul Ball, location: 2F 3-1: Base on Balls
|
Batting: RHB Ángel Garza
|
0-0: Ball 1-0: Swinging Strike 1-1: SINGLE (Groundball, 4MD) Daryl Floyd to second
|
Batting: RHB Kuniaki Kawashima
|
0-0: Swinging Strike 0-1: Ball 1-1: Fly out, F7 (Flyball, 7LS)
|
Batting: RHB José Estrada
|
0-0: Foul Ball, location: 2F 0-1: Ball 1-1: Swinging Strike 1-2: Ball 2-2: Foul Ball, location: 2F 2-2: Foul Ball, location: 2F 2-2: Ball 3-2: Foul Ball, location: 2F 3-2: SINGLE (Line Drive, 4D) Daryl Floyd to third Ángel Garza to second Daryl Floyd scores Ángel Garza to third
|
Batting: SHB Joe Emery
|
0-0: Called Strike 0-1: Called Strike 0-2: Ball 1-2: Ball 2-2: Foul Ball, location: 2F 2-2: SINGLE (Popup, 4D) Ángel Garza scores José Estrada to second Runner from 2nd tries for 3rd, OUT!
|
Top of the 4th over - 2 runs, 3 hits, 0 errors, 1 left on base; Blueville 2 - Chattanooga 3 |
BOTTOM OF THE 4TH |
Chattanooga Chinpokomon batting - Pitching for Blueville 83's : RHP Clint Tancock
|
Batting: RHB Ricardo Salazar
|
0-0: Ball 1-0: SINGLE (Line Drive, 8LS)
|
Batting: RHB Gustavo Medine
|
0-0: Ground out 5-3 (Groundball, 56S) Ricardo Salazar to second
|
Batting: RHB Roberto Martínez
|
0-0: Called Strike 0-1: Fly out, F9 (Flyball, 9LD) Runner from 2nd tags up, SAFE at 3rd, no throw
|
Batting: LHB Elvin Summers
|
0-0: Ball 1-0: SINGLE (Flyball, 89S) Ricardo Salazar scores
|
Batting: RHB Carlos López
|
0-0: Ball 1-0: Ball 2-0: Ball 3-0: Called Strike 3-1: Ground out 5-3 (Groundball, 56S)
|
Bottom of the 4th over - 1 run, 2 hits, 0 errors, 1 left on base; Blueville 2 - Chattanooga 4 |
TOP OF THE 5TH |
Blueville 83's batting - Pitching for Chattanooga Chinpokomon : LHP Glenn Fox
|
Batting: LHB Ron Robinson
|
0-0: SINGLE (Groundball, 4MD)
|
Batting: RHB Eric Johnson
|
0-0: Ball 1-0: Ball 2-0: Foul Ball, location: 2F 2-1: Ball 3-1: SINGLE (Line Drive, 4D) Ron Robinson to second
|
Batting: RHB Fernando Díaz
|
0-0: Ball 1-0: Ball 2-0: Called Strike 2-1: Called Strike 2-2: Foul Ball, location: 2F 2-2: Foul Ball, location: 2F 2-2: Foul Ball, location: 2F 2-2: Strikes out swinging
|
Batting: RHB Matt Perkins
|
0-0: Fly out, F8 (Flyball, 8LM)
|
Batting: RHB Daryl Floyd
|
0-0: Foul Ball, location: 2F 0-1: Swinging Strike 0-2: Ball 1-2: Strikes out swinging
|
Top of the 5th over - 0 runs, 2 hits, 0 errors, 2 left on base; Blueville 2 - Chattanooga 4 |
BOTTOM OF THE 5TH |
Chattanooga Chinpokomon batting - Pitching for Blueville 83's : RHP Clint Tancock
|
Batting: RHB Tom Hicks
|
0-0: Called Strike 0-1: SINGLE (Groundball, 56D)
|
Batting: LHB José Costa
|
0-0: Ball 1-0: Ball 2-0: Called Strike 2-1: Foul Ball, location: 2F 2-2: Ball 3-2: Grounds out, U3 (Groundball, 3L)
|
Batting: RHB Chris Burrell
|
0-0: Ball 1-0: Called Strike 1-1: DOUBLE (Line Drive, 8LXD) Tom Hicks scores
|
Batting: RHB Patrick Potts
|
0-0: SINGLE (Line Drive, 9LS) Chris Burrell to third
|
Batting: RHB Ricardo Salazar
|
0-0: Called Strike 0-1: Ball Wild Pitch! Chris Burrell scores Patrick Potts to second 1-1: Ball 2-1: Swinging Strike 2-2: Foul Ball, location: 2F 2-2: Fly out, F7 (Line Drive, 7)
|
Batting: RHB Gustavo Medine
|
0-0: Foul Ball, location: 2F 0-1: Fly out, F9 (Flyball, 89XD)
|
Bottom of the 5th over - 2 runs, 3 hits, 0 errors, 1 left on base; Blueville 2 - Chattanooga 6 |
TOP OF THE 6TH |
Blueville 83's batting - Pitching for Chattanooga Chinpokomon : LHP Glenn Fox
|
Pitching: LHP Mario Solíz
|
|
Batting: RHB Ángel Garza
|
0-0: Called Strike 0-1: Called Strike 0-2: Ball 1-2: Ball 2-2: Ball 3-2: Foul Ball, location: 2F 3-2: Strikes out swinging
|
Batting: RHB Kuniaki Kawashima
|
0-0: SINGLE (Line Drive, 6MD)
|
Batting: RHB José Estrada
|
0-0: Ball 1-0: Called Strike 1-1: Called Strike 1-2: Ball 2-2: Fielders Choice at 2nd, 5-4 (Groundball, 56)
|
Batting: SHB Joe Emery
|
0-0: Ball 1-0: Ball 2-0: Ball 3-0: Called Strike 3-1: Foul Ball, location: 2F 3-2: 2-RUN HOME RUN (Flyball, 7D), Distance : 388 ft
|
Batting: LHB Ron Robinson
|
0-0: Foul Ball, location: 2F 0-1: Swinging Strike 0-2: Ball 1-2: Strikes out swinging
|
Top of the 6th over - 2 runs, 2 hits, 0 errors, 0 left on base; Blueville 4 - Chattanooga 6 |
TOP OF THE 7TH |
Blueville 83's batting - Pitching for Chattanooga Chinpokomon : LHP Mario Solíz
|
Pitching: RHP Claudio Ramírez
|
|
Batting: RHB Eric Johnson
|
0-0: Fly out, F3 (Popup, 3SF)
|
Batting: RHB Fernando Díaz
|
0-0: Ball 1-0: Ball 2-0: Swinging Strike 2-1: Swinging Strike 2-2: Foul Ball, location: 2F 2-2: Fly out, F8 (Flyball, 8LM)
|
Batting: RHB Matt Perkins
|
0-0: Called Strike 0-1: Called Strike 0-2: Strikes out swinging
|
Top of the 7th over - 0 runs, 0 hits, 0 errors, 0 left on base; Blueville 4 - Chattanooga 7 |
BOTTOM OF THE 7TH |
Chattanooga Chinpokomon batting - Pitching for Blueville 83's : RHP Ray Watkins
|
Batting: RHB Ricardo Salazar
|
0-0: Fly out, F5 (Line Drive, 56S)
|
Batting: RHB Gustavo Medine
|
0-0: Foul Ball, location: 2F 0-1: Fly out, F9 (Flyball, 9LD)
|
Batting: RHB Roberto Martínez
|
0-0: Called Strike 0-1: Swinging Strike 0-2: Ball 1-2: Ground out 5-3 (Groundball, 56S)
|
Bottom of the 7th over - 0 runs, 0 hits, 0 errors, 0 left on base; Blueville 4 - Chattanooga 7 |
TOP OF THE 8TH |
Blueville 83's batting - Pitching for Chattanooga Chinpokomon : RHP Claudio Ramírez
|
Batting: RHB Daryl Floyd
|
0-0: Foul Ball, location: 2F 0-1: Foul Ball, location: 2F 0-2: Strikes out looking
|
Batting: RHB Ángel Garza
|
0-0: Ground out 6-3 (Groundball, 6)
|
Batting: RHB Kuniaki Kawashima
|
0-0: Ball 1-0: Ball 2-0: Ball 3-0: Called Strike 3-1: SINGLE (Line Drive, 34)
|
Batting: RHB José Estrada
|
0-0: Called Strike 0-1: Foul Ball, location: 2F 0-2: Foul Ball, location: 2F 0-2: Ball 1-2: Foul Ball, location: 2F 1-2: Strikes out looking
|
Top of the 8th over - 0 runs, 1 hit, 0 errors, 1 left on base; Blueville 4 - Chattanooga 7 |
BOTTOM OF THE 8TH |
Chattanooga Chinpokomon batting - Pitching for Blueville 83's : RHP Ray Watkins
|
Batting: LHB Elvin Summers
|
0-0: Ball 1-0: Ball 2-0: Fly out, F9 (Flyball, 89D)
|
Batting: RHB Carlos López
|
0-0: Ball 1-0: Foul Ball, location: 2F 1-1: Ball 2-1: Ball 3-1: Base on Balls
|
Batting: RHB Tom Hicks
|
0-0: Ball 1-0: Foul Ball, location: 2F 1-1: Ball 2-1: DOUBLE (Flyball, 89XD) Carlos López to third Runner from 3rd tries for Home, SAFE, throw made at trailing runner, OUT at third!
|
Batting: LHB José Costa
|
0-0: Ball 1-0: Ball 2-0: Ball 3-0: Called Strike 3-1: Foul Ball, location: 2F 3-2: Foul Ball, location: 2F 3-2: Base on Balls
|
Pitching: RHP Hayden Collins
|
|
Batting: RHB Chris Burrell
|
0-0: Ball 1-0: Called Strike 1-1: Ball 2-1: Swinging Strike 2-2: Foul Ball, location: 2F 2-2: Strikes out swinging
|
Bottom of the 8th over - 1 run, 1 hit, 0 errors, 1 left on base; Blueville 4 - Chattanooga 8 |
TOP OF THE 9TH |
Blueville 83's batting - Pitching for Chattanooga Chinpokomon : RHP Claudio Ramírez
|
Pitching: LHP Walt MacKey
|
|
Batting: SHB Joe Emery
|
0-0: Ball 1-0: Called Strike 1-1: Ball 2-1: Ball 3-1: Fly out, F7 (Flyball, 7S)
|
Batting: LHB Ron Robinson
|
0-0: Ball 1-0: Called Strike 1-1: SINGLE (Flyball, 9LM)
|
Batting: RHB Eric Johnson
|
0-0: Foul Ball, location: 2F 0-1: Foul Ball, location: 2F 0-2: Ball 1-2: Strikes out swinging
|
Batting: RHB Fernando Díaz
|
0-0: Swinging Strike 0-1: Ball 1-1: Ball 2-1: Foul Ball, location: 2F 2-2: Ball 3-2: Foul Ball, location: 2F 3-2: Strikes out swinging
|
Top of the 9th over - 0 runs, 1 hit, 0 errors, 1 left on base; Blueville 4 - Chattanooga 8 |
|